 Dungeon Sprint DCSS version 0.21-a0-55-gb612c23 (webtiles) character file.

9659 Kidiri the Grappler (level 11, -6/120 HPs)
             Began as a Troll Monk on June 15, 2017.
             Was a High Priest of Wu Jian.
             Mangled by Rupert
             ... wielding a +3 great sword of freezing
              (24 damage)
             ... in the Dungeon (Sprint III: "The Ten Rune Challenge").
             The game lasted 00:17:32 (1964 turns).

Kidiri the Grappler (Troll Monk)                    Turns: 1964, Time: 00:17:32

Health: -6/120     AC:  5    Str: 22    XL:     11   Next: 25%
Magic:  10/10      EV: 17    Int:  6    God:    Wu Jian [*****.]
Gold:   32         SH:  0    Dex: 14    Spells: 10/10 levels left

rFire    . . .     SeeInvis .     - Unarmed
rCold    . . .     Gourm    +   (no shield)
rNeg     . . .     Faith    .   a - +0 robe
rPois    .         Spirit   .   (helmet restricted)
rElec    .         Reflect  .   (no cloak)
rCorr    .         Harm     .   (gloves unavailable)
MR       +....     NoTele   +   (boots unavailable)
Stlth    ++++......             (no amulet)
HPRegen  0.70/turn              (no ring)
MPRegen  0.12/turn              (no ring)

@: exhausted
A: unfitting armour, claws 3, blink, fast metabolism 3, gourmand, magic
resistance 1, regeneration 1, shaggy fur 1, tough skin 2
a: Blink, Serpent's Lash, Heavenly Storm, Renounce Religion


You were in the Dungeon.
You worshipped Wu Jian.
Wu Jian was extremely pleased with you.
You were completely stuffed.

You visited 1 branch You collected 32 gold pieces.

Inventory:

Hand Weapons
 g - a +0 shortbow
Missiles
 q - 40 arrows
Armour
 a - a +0 robe (worn)
Scrolls
 h - a scroll of blinking
 i - a scroll of fear {unknown}
 j - a scroll of torment {unknown}
 m - a scroll of holy word {unknown}
 n - a scroll of identify {unknown}
 o - a scroll of enchant weapon {unknown}
Potions
 c - a potion of curing
 f - 2 potions of magic
 l - 3 potions of flight
Comestibles
 b - 3 bread rations
 p - 23 royal jellies


   Skills:
 * Level 11.3 Fighting
 + Level 3.6 Bows
 + Level 7.9 Armour
 * Level 11.4 Dodging
 * Level 8.6 Stealth
 * Level 13.0 Unarmed Combat


You had 10 spell levels left.
You didn't know any spells.

Dungeon Overview and Level Annotations

Branches:
Dungeon (1/1)

Altars:
Cheibriados
Dithmenos
Elyvilon
Fedhas
Gozag
Hepliaklqana
Kikubaaqudgha
Makhleb
Nemelex Xobeh
Okawaru
Qazlal
Ru
Sif Muna
Trog
Uskayaw
Vehumet
Wu Jian
Xom
Yredelemnul
Zin
The Shining One
Beogh
Jiyva
Lugonu

Annotations:
D exclusion: 3 doors, Rupert


Innate Abilities, Weirdness & Mutations

You are too large for most types of armour.
You have claws for hands.
Your metabolism is lightning-fast.
You like to eat raw meat.
Your natural rate of healing is unusually fast.
You are covered in fur. (AC +1)
You have very tough skin. (AC +2)
You can translocate small distances at will.
You are resistant to hostile enchantments. (MR+)


Message History

Rupert closely misses you.
Rupert rages.
Rupert hits you with a great sword of freezing.
Rupert freezes you.
You attack Rupert from above.
You scratch Rupert.
Rupert is lightly wounded.
You feel less exhausted. Rupert barely misses you. Rupert closely misses you.
Your muscles tense, ready for explosive movement...
Zoom!
ZOOOM!
You open the door.
Rupert hits you with a great sword of freezing!!
* * * LOW HITPOINT WARNING * * *
Rupert freezes you!
* * * LOW HITPOINT WARNING * * *
There is an open door, spattered with blood here.
Rupert hits you with a great sword of freezing!!
You die...

...#.≈≈≈≈≈≈....#.⌠.#__#...#+#####
...#.≈≈≈≈≈.....#...#__#...#..≈§§+
...#.≈≈≈.......#+###__#...#.#§§§#
####...........#.):#__#...'.#§§§#
...............#___#__+...#.#.§.#
▓▓▓▓▓▓▓▓▓▓▓▓▓▓▓▓▓▓▓▓▓▓▓▓▓▓▓▓▓▓▓▓▓
+≈≈≈§≈≈≈≈≈♣♣.....♣♣♣♣≈≈≈.......
#.≈≈§..§≈≈♣♣.≈≈≈≈'♣♣+♣≈≈≈≈≈≈≈≈≈
#≈≈§§§§≈≈≈.'..@@.#.≈♣♣♣♣♣♣♣♣♣♣♣
#≈≈≈§≈§≈.≈♣♣♣♣♣♣♣#..♣♣
#.≈≈§§≈≈≈.♣ ###+♣♣♣♣♣
#+####'#######♣ ♣♣♣♣.##.§##
......§§§§§...♣ ♣...##§##§#
+#############+ ♣♣.##.##§##+
♣..#.##§§§# ♣♣.##.##§§#
♣♣.##%#####


You could see Rupert (berserk).

Vanquished Creatures
  Snorg (D)
  A centaur warrior (D)
  Urug (D)
  An unseen horror (D)
  A lindwurm (D)
  A deep elf mage (D)
  2 spiny frogs (D)
  A rime drake (D)
  A komodo dragon (D)
  A queen bee (D)
  3 wandering mushrooms (D)
  2 tyrant leeches (D)
  5 blink frogs (D)
  3 redbacks (D)
  A shadow (D)
  A spatial vortex (D)
  A swamp drake (D)
  A necrophage (D)
  2 centaurs (D)
  An earth elemental (D)
  A water elemental (D)
  A scorpion (D)
  32 killer bees (D)
  A jelly (D)
  A wizard (D)
  A necromancer (D)
  3 humans (D)
  A kobold demonologist (D)
  An ooze (D)
  3 rats (D)
76 creatures vanquished.

Vanquished Creatures (others)
  2 draconian scorchers (D)
  A hydra (D)
  2 yaktaurs (D)
  6 hellions (D)
  2 plants (D)
13 creatures vanquished.

Grand Total: 89 creatures vanquished

Notes
Turn   | Place    | Note
-------+----------+-------------------------------------------
     0 | D        | Kidiri the Troll Monk began the quest for the Orb.
     0 | D        | Reached XP level 1. HP: 22/22 MP: 0/0
    57 | D        | Reached skill level 1 in Armour
    57 | D        | Reached skill level 4 in Unarmed Combat
    57 | D        | Reached XP level 2. HP: 18/31 MP: 1/1
    78 | D        | Killed a hellion
    79 | D        | Killed a hellion
    86 | D        | Noticed a scorpion
    89 | D        | Killed an eight-headed hydra
    95 | D        | Killed a scorpion
    95 | D        | Reached skill level 5 in Unarmed Combat
    95 | D        | Reached XP level 3. HP: 18/39 MP: 2/2
    95 | D        | Reached XP level 4. HP: 22/48 MP: 3/3
   116 | D        | Gained mutation: Armour fits poorly on your strangely shaped body. [potion of mutation]
   116 | D        | Gained mutation: You have a somewhat thin skeletal structure. (Dex +2, Stealth) [potion of mutation]
   116 | D        | Gained mutation: You are resistant to electric shocks. (rElec) [potion of mutation]
   117 | D        | Lost mutation: Armour fits poorly on your strangely shaped body. [potion of mutation]
   117 | D        | Lost mutation: You are resistant to electric shocks. (rElec) [potion of mutation]
   117 | D        | Gained mutation: You have a pair of small antennae on your head. [potion of mutation]
   118 | D        | Lost mutation: You have a pair of small antennae on your head. [potion of mutation]
   118 | D        | Lost mutation: You have a somewhat thin skeletal structure. (Dex +2, Stealth) [potion of mutation]
   118 | D        | Gained mutation: Your flesh is heat resistant. (rF+) [potion of mutation]
   118 | D        | Gained mutation: You tend to lose your temper in combat. [potion of mutation]
   118 | D        | Gained mutation: You passively map a small area around you. [potion of mutation]
   119 | D        | Lost mutation: You tend to lose your temper in combat. [potion of mutation]
   119 | D        | Lost mutation: Your flesh is heat resistant. (rF+) [potion of mutation]
   119 | D        | Lost mutation: You passively map a small area around you. [potion of mutation]
   119 | D        | Gained mutation: You are partially covered in iridescent scales. (AC +2) [potion of mutation]
   119 | D        | Gained mutation: You are dopey. (Int -2) [potion of mutation]
   119 | D        | Gained mutation: Your flesh is heat resistant. (rF+) [potion of mutation]
   120 | D        | Lost mutation: You are partially covered in iridescent scales. (AC +2) [potion of mutation]
   120 | D        | Gained mutation: Your body sometimes deteriorates upon taking damage. [potion of mutation]
   120 | D        | Gained mutation: You possess an exceptional clarity of mind. [potion of mutation]
   121 | D        | Lost mutation: Your body sometimes deteriorates upon taking damage. [potion of mutation]
   121 | D        | Lost mutation: You are dopey. (Int -2) [potion of mutation]
   121 | D        | Lost mutation: You possess an exceptional clarity of mind. [potion of mutation]
   121 | D        | Gained mutation: Your body sometimes deteriorates upon taking damage. [potion of mutation]
   121 | D        | Gained mutation: Your body often deteriorates upon taking damage. [potion of mutation]
   121 | D        | Gained mutation: You are weak. (Str -2) [potion of mutation]
   121 | D        | Gained mutation: You evolve. [potion of mutation]
   122 | D        | Lost mutation: Your body often deteriorates upon taking damage. [potion of mutation]
   122 | D        | Lost mutation: You evolve. [potion of mutation]
   122 | D        | Lost mutation: You are weak. (Str -2) [potion of mutation]
   122 | D        | Lost mutation: Your body sometimes deteriorates upon taking damage. [potion of mutation]
   122 | D        | Lost mutation: Your flesh is heat resistant. (rF+) [potion of mutation]
   122 | D        | Gained mutation: You can translocate small distances at will. [potion of mutation]
   122 | D        | Gained mutation: You are resistant to hostile enchantments. (MR+) [potion of mutation]
   124 | D        | Killed a hellion
   135 | D        | Killed a hellion
   141 | D        | Killed a hellion
   142 | D        | Killed a hellion
   161 | D        | Killed a white draconian scorcher
   163 | D        | Noticed a water elemental
   171 | D        | Killed a water elemental
   186 | D        | Killed a yaktaur
   203 | D        | Killed a white draconian scorcher
   218 | D        | Found an ornate altar of the Wu Jian Council.
   218 | D        | Found a roughly hewn altar of Beogh.
   218 | D        | Found an iron altar of Okawaru.
   218 | D        | Found a bloodstained altar of Trog.
   218 | D        | Found a hide-covered altar of Uskayaw.
   218 | D        | Noticed a human
   219 | D        | Noticed a human
   221 | D        | Became a worshipper of the Wu Jian Council
   221 | D        | Reached * piety under Wu Jian
   221 | D        | Reached ** piety under Wu Jian
   226 | D        | Killed a human
   226 | D        | Reached skill level 5 in Fighting
   226 | D        | Reached skill level 5 in Dodging
   226 | D        | Reached skill level 6 in Unarmed Combat
   226 | D        | Reached XP level 5. HP: 38/57 MP: 4/4
   226 | D        | Reached XP level 6. HP: 45/66 MP: 5/5
   228 | D        | Killed a human
   228 | D        | Reached skill level 7 in Unarmed Combat
   270 | D        | Found a radiant altar of Vehumet.
   271 | D        | Found a deep blue altar of Sif Muna.
   271 | D        | Found an ancient bone altar of Kikubaaqudgha.
   275 | D        | Reached *** piety under Wu Jian
   296 | D        | Found a glowing silver altar of Zin.
   297 | D        | Found a glowing golden altar of the Shining One.
   297 | D        | Found a white marble altar of Elyvilon.
   297 | D        | Noticed a deep elf mage
   307 | D        | Killed a deep elf mage
   307 | D        | Reached skill level 5 in Stealth
   307 | D        | Reached skill level 8 in Unarmed Combat
   307 | D        | Reached XP level 7. HP: 70/78 MP: 6/6
   318 | D        | Found a basalt altar of Yredelemnul.
   318 | D        | Found a shadowy altar of Dithmenos.
   318 | D        | Found a sacrificial altar of Ru.
   333 | D        | Noticed a shadow
   350 | D        | Killed a shadow
   350 | D        | Reached **** piety under Wu Jian
   350 | D        | Reached skill level 9 in Unarmed Combat
   350 | D        | Reached XP level 8. HP: 30/87 MP: 7/7
   440 | D        | Found a blossoming altar of Fedhas.
   440 | D        | Found a stormy altar of Qazlal.
   440 | D        | Found a snail-covered altar of Cheibriados.
   440 | D        | Found a burning altar of Makhleb.
   440 | D        | Found a shimmering altar of Xom.
   441 | D        | Found a hazy altar of Hepliaklqana.
   441 | D        | Found an opulent altar of Gozag.
   441 | D        | Found a sparkling altar of Nemelex Xobeh.
   441 | D        | Found a corrupted altar of Lugonu.
   441 | D        | Found a viscous altar of Jiyva.
   443 | D        | Reached skill level 5 in Armour
   455 | D        | Noticed Snorg
   464 | D        | Killed Snorg
   464 | D        | Reached skill level 10 in Unarmed Combat
   464 | D        | Reached XP level 9. HP: 44/97 MP: 8/8
   586 | D        | Noticed a centaur warrior
   588 | D        | Killed a centaur warrior
   589 | D        | Reached ***** piety under Wu Jian
   629 | D        | Noticed an unseen horror
   636 | D        | Killed an unseen horror
   636 | D        | Reached skill level 11 in Unarmed Combat
   656 | D        | Noticed a queen bee
   656 | D        | Reached skill level 1 in Bows
   831 | D        | Reached XP level 10. HP: 104/109 MP: 9/9
   912 | D        | Reached skill level 10 in Dodging
  1027 | D        | Reached ****** piety under Wu Jian
  1029 | D        | Reached skill level 10 in Fighting
  1302 | D        | Noticed a spiny frog
  1302 | D        | Noticed a spiny frog
  1304 | D        | Reached skill level 12 in Unarmed Combat
  1304 | D        | Killed a spiny frog
  1304 | D        | Killed a spiny frog
  1370 | D        | Noticed a lindwurm
  1374 | D        | Killed a lindwurm
  1402 | D        | Reached XP level 11. HP: 97/119 MP: 10/10
  1475 | D        | Noticed Urug
  1477 | D        | Killed Urug
  1738 | D        | Reached skill level 13 in Unarmed Combat
  1752 | D        | Noticed Rupert
  1756 | D        | Paralysed by Rupert for 7 turns
  1946 | D        | Paralysed by Rupert for 2 turns
  1964 | D        | Mangled by Rupert

Vault maps used:
D:        dungeon_sprint_mu

Skill      XL: |  1  2  3  4  5  6  7  8  9 10 11 |
---------------+----------------------------------+-----
Fighting       | 3 5 7 8 9 10 11 | 11.3
Armour         | 1 3 4 5 6 7 |  7.9
Dodging        | 3 5 7 8 9 11 | 11.4
Unarmed Combat | 4 5 6 8 9 10 11 12 13 | 13.0
Stealth        | 2 3 5 6 7 8 |  8.6
Bows           | 1 3 |  3.6

Action                   |  1- 3 |  4- 6 |  7- 9 | 10-12 || total
-------------------------+-------+-------+-------+-------++-------
Melee: Unarmed           |    26 |    21 |    77 |   152 ||   276
       Punch             |     1 |       |     3 |     5 ||     9
 Fire: Shortbow          |       |       |       |     2 ||     2
Invok: Serpent's Lash    |       |       |     3 |     7 ||    10
       Heavenly Storm    |       |       |     1 |     4 ||     5
 Abil: Blink             |       |       |     3 |       ||     3
  Use: Potion            |       |     8 |     2 |     1 ||    11
       Scroll            |       |     1 |     1 |       ||     2
 Stab: Sleeping          |     2 |     2 |     5 |     7 ||    16
       Distracted        |       |       |     1 |     1 ||     2
  Eat: Chunk             |     1 |     1 |    12 |    10 ||    24
Armor: Robe              |     4 |     1 |    10 |    21 ||    36
Dodge: Dodged            |    10 |     4 |    56 |   124 ||   194
